 Dungeon Crawl Stone Soup version 0.26-a0-180-ge96aa7da28 (webtiles) character file.

Game seed: 12643902994743592223

4116 gruber the Frost Mage (level 9, -1/62 HPs)
             Began as a Demigod Ice Elementalist on July 3, 2020.
             Shot with an arrow by a centaur (9 damage)
             ... on level 8 of the Dungeon.
             The game lasted 00:14:44 (10123 turns).

gruber the Frost Mage (Demigod Ice Elementalist)   Turns: 10123, Time: 00:14:45

Health: -1/62      AC:  4    Str: 11    XL:     9   Next: 78%
Magic:  0/23       EV: 12    Int: 25    God:
Gold:   161        SH:  0    Dex: 16    Spells: 6/22 levels left

rFire    + + .     SeeInvis .   k - +2 shortbow (freeze)
rCold    + . .     Faith    .   (shield currently unavailable)
rNeg     . . .     Spirit   +   G - +2 robe {rC+ rF+}
rPois    .         Reflect  .   (no helmet)
rElec    .         Harm     .   (no cloak)
rCorr    .                      (no gloves)
MR       .....                  (no boots)
Stlth    ++........             u - amulet of guardian spirit
HPRegen  0.20/turn              q - ring of protection from fire
MPRegen  0.18/turn              (no ring)

@: hasted, very quick
A: high mp 1
a: no special abilities


You were on level 8 of the Dungeon.
You were not hungry.

You visited 1 branch of the dungeon, and saw 8 of its levels.

You collected 513 gold pieces.
You spent 352 gold pieces at shops.

Inventory:

Hand Weapons
 k - a +2 shortbow of freezing (weapon)
 F - the cursed +1 war axe of Dismemberment {venom, rN+ Str+2 Dex+4}
   (You bought it in a shop on level 5 of the Dungeon)

   It poisons the flesh of those it strikes.
   It affects your strength (+2).
   It affects your dexterity (+4).
   It protects you from negative energy.
   It has a curse placed upon it.
Missiles
 m - 43 poisoned darts
 p - 29 arrows (quivered)
Armour
 a - a +1 robe
 G - a +2 robe of resistance (worn)
Magical Staves
 x - an uncursed staff of conjuration
Jewellery
 q - a ring of protection from fire (left hand)
 u - an amulet of guardian spirit (around neck)
 w - an uncursed amulet of the acrobat
Wands
 y - a wand of disintegration (12)
 C - a wand of random effects (7)
Scrolls
 b - 9 scrolls of teleportation
 f - a scroll of magic mapping
 g - 2 scrolls of amnesia
 i - 3 scrolls of enchant weapon
 j - a scroll of enchant armour
 r - 6 scrolls of remove curse
 s - 4 scrolls of random uselessness {unknown}
 z - 4 scrolls of identify
 B - a scroll of silence {unknown}
Potions
 e - 2 potions of brilliance {unknown}
 h - 2 potions of mutation {unknown}
 l - 2 potions of flight {unknown}
 n - 2 potions of invisibility {unknown}
 o - 3 potions of haste
 t - 3 potions of lignification {unknown}
 v - 3 potions of curing {unknown}
 A - 2 potions of degeneration {unknown}
 E - a potion of resistance {unknown}
 H - a potion of might {unknown}
Comestibles
 c - 13 rations
 D - 8 chunks of flesh


   Skills:
 * Level 7.5 Bows
 - Level 1.7 Dodging
 - Level 1.7 Stealth
 - Level 7.0 Spellcasting
 - Level 5.2 Conjurations
 - Level 9.0 Ice Magic


You had 6 spell levels left.
You knew the following spells:

 Your Spells              Type           Power        Failure   Level  Hunger
a - Freeze                Ice            ####         1%          1    None
b - Frozen Ramparts       Ice            ######       1%          3    None
c - Ozocubu's Armour      Chrm/Ice       ####....     3%          3    None
d - Hailstorm             Conj/Ice       #####...     3%          4    ###....
e - Summon Ice Beast      Ice/Summ       ####....     11%         4    ###....
f - Magic Dart            Conj           ####         1%          1    None

Your spell library contained the following spells:

 Spells                   Type           Power        Failure   Level  Hunger
 Searing Ray              Conj           ####..       1%          2    None
 Dazzling Flash           Conj/Hex       ###...       7%          3    None
 Fulminant Prism          Conj/Hex       ###.......   22%         4    ###....
 Iskenderun's Mystic Bla  Conj/Tloc      ###.....     22%         4    ###....


Dungeon Overview and Level Annotations

Branches:
Dungeon (8/15)             Temple (0/1) D:5
   Lair: D:8-11

Shops:
D:4 %   D:5 (:(   D:6 %?:}

Annotations:
D:8 3 runed translucent doors, Glokmah's ghost, novice DrFE


Innate Abilities, Weirdness & Mutations

You have an increased reservoir of magic. (+10% MP)


Message History

You shoot an arrow. The arrow hits Harold.
The arrow freezes Harold.
Harold is almost dead.
The wall freezes Harold!
You kill Harold!
Harold falls down, and clutches his wounds. "But I was going to get a mansion in the country..."
Your Bows skill increases to level 7!
You start resting.
The centaur is too close now for your liking.
The centaur wields a +0 vorpal shortbow.
The centaur shoots an arrow.
The arrow closely misses you.
You see here an arrow.
The wall freezes the centaur.
The centaur shoots an arrow.
The arrow hits you.
* * * LOW HITPOINT WARNING * * *
x2
Casting: Frozen Ramparts (safe; 1% risk of failure)
Confirm with . or Enter, or press ? or * to list all spells.
You don't have enough magic to cast that spell.
You feel yourself speed up.
The frozen ramparts melt away.
The centaur shoots an arrow.
The arrow completely misses you.
The centaur shoots an arrow.
The arrow hits you!
You die...

#.#### #.# #......... #....# #.#
#......... ..##.########.##
#......... ..........##.#.##
.......@.. ..#######.#.###.##
#......... ..# ### #..## ##.##
#......Y.. ..#######.## ##.#
#......(.. ....'_'....##
##(#######.........
#.###+###.#.###.@.......########(
#.# #.# #.#..#รท.#######c# #.
#.###.###...#)..# #.#########
#.........#...### #...(.)(c..
#####.#####.....# ###########
#...........####### #
#######...........###########
#.....#####............ #.....#
#############


You could see a centaur.

Vanquished Creatures
  Harold (D:8)
  Erica (D:8)
  Pikel (D:8)
  Duvessa (D:6)
  A water moccasin (D:8)
  2 ice beasts (D:5)
  An orc warrior (D:6)
  A necrophage (D:7)
  A phantom (D:8)
  A centaur (D:7)
  2 ogres (D:8)
  2 lemures (D:8)
  3 bullfrogs
  Dowan (D:6)
  A scorpion (D:8)
  6 killer bees (D:8)
  4 jellies
  4 orc priests
  A centaur skeleton (D:6)
  4 hounds
  A worker ant (D:5)
  3 iguanas
  3 orc wizards
  A hound skeleton (D:6)
  A worker ant zombie (D:6)
  7 adders
  A shadow imp (D:7)
  A white imp (D:6)
  2 ufetubi (D:7)
  An ooze (D:2)
  6 worms
  3 dart slugs
  5 leopard geckos
  15 orcs
  3 ball pythons
  6 giant cockroaches
  10 goblins
  6 hobgoblins
  10 jackals
  A quokka (D:6)
  6 bats
  9 frilled lizards
  A giant cockroach zombie (D:5)
  7 kobolds
  A quokka zombie (D:5)
  10 rats
159 creatures vanquished.

Vanquished Creatures (collateral kills)
  A bullfrog skeleton (D:6)
1 creature vanquished.

Grand Total: 160 creatures vanquished

Notes
Turn   | Place    | Note
-------+----------+-------------------------------------------
     0 | D:1      | gruber the Demigod Ice Elementalist began the quest for the
                  | Orb.
     0 | D:1      | Reached XP level 1. HP: 14/14 MP: 5/5
   440 | D:1      | Reached skill level 4 in Ice Magic
   443 | D:1      | Reached XP level 2. HP: 19/20 MP: 2/7
  1349 | D:2      | Reached XP level 3. HP: 24/26 MP: 0/8
  1594 | D:2      | Learned a level 3 spell: Frozen Ramparts
  1948 | D:2      | Reached skill level 8 in Ice Magic
  1948 | D:2      | Reached XP level 4. HP: 33/33 MP: 9/15
  2339 | D:2      | Found a stormy altar of Qazlal.
  2483 | D:2      | Reached XP level 5. HP: 38/38 MP: 13/17
  3255 | D:3      | Found a shattered altar of Ashenzari.
  3354 | D:3      | Learned a level 3 spell: Ozocubu's Armour
  3359 | D:3      | Learned a level 4 spell: Hailstorm
  3364 | D:3      | Learned a level 4 spell: Summon Ice Beast
  4040 | D:3      | Found a sacrificial altar of Ru.
  4095 | D:4      | Found an opulent altar of Gozag.
  4566 | D:4      | You fall into a shaft and drop 3 floors!
  4864 | D:7      | Learned a level 1 spell: Magic Dart
  4878 | D:7      | Noticed a necrophage
  4888 | D:7      | Killed a necrophage
  4888 | D:7      | Reached XP level 6. HP: 27/44 MP: 3/19
  5643 | D:6      | Reached skill level 9 in Ice Magic
  5643 | D:6      | Reached XP level 7. HP: 49/49 MP: 12/21
  5643 | D:6      | Noticed Duvessa
  5645 | D:6      | Noticed Dowan
  5654 | D:6      | Killed Duvessa
  5654 | D:6      | Reached skill level 1 in Conjurations
  5667 | D:6      | Killed Dowan
  6027 | D:6      | Found Rahavic's Gadget Shoppe.
  6208 | D:5      | Entered Level 5 of the Dungeon
  6293 | D:5      | Found a staircase to the Ecumenical Temple.
  6877 | D:5      | Reached XP level 8. HP: 42/56 MP: 13/22
  7005 | D:5      | Found Roakab's Antique Weapon Shop.
  7010 | D:5      | Bought a crystal hunting sling for 123 gold pieces
  7010 | D:5      | Identified the +3 hunting sling of Nemelex Xobeh's Fury
                  | {venom, Str+5 Int-5 Dex+5} (You bought it in a shop on
                  | level 5 of the Dungeon)
  7122 | D:5      | Found Kocse's Book Shoppe.
  7131 | D:5      | Found Osseroruo's Antique Weapon Shoppe.
  7134 | D:5      | Bought a shimmering war axe for 229 gold pieces
  7134 | D:5      | Identified the cursed +1 war axe of Dismemberment {venom,
                  | rN+ Str+2 Dex+4} (You bought it in a shop on level 5 of the
                  | Dungeon)
  7404 | D:4      | Found Waphix's Food Shoppe.
  7863 | D:6      | Found Fiuhasma's Food Boutique.
  7993 | D:6      | Found Domue's Magic Scroll Shop.
  7998 | D:6      | Found Otire's Book Shoppe.
  8150 | D:6      | Found a glowing golden altar of the Shining One.
  8773 | D:7      | Reached skill level 5 in Conjurations
  8955 | D:8      | Reached skill level 1 in Bows
  9343 | D:8      | Found a runed translucent gate.
  9343 | D:8      | Found a runed translucent gate.
  9343 | D:8      | Found a runed translucent gate.
  9526 | D:8      | Noticed Glokmah's ghost (novice DrFE)
  9532 | D:8      | Noticed Erica
  9590 | D:8      | Killed Erica
  9590 | D:8      | Reached skill level 5 in Bows
  9590 | D:8      | Reached XP level 9. HP: 31/61 MP: 1/23
  9831 | D:8      | Noticed Pikel
  9844 | D:8      | Killed Pikel
  9919 | D:8      | Found a shimmering blue altar of Sif Muna.
 10082 | D:8      | Noticed Harold
 10109 | D:8      | Killed Harold
 10123 | D:8      | Shot with an arrow by a centaur

Illustrated notes

Levels and vault maps discovered:
D:1:      dpeg_arrival_erosion, layout_basic, glass_columns_a,
          minmay_rat_gold_closets
D:2:      layout_loops_ring, overflow_temple_1_default
D:3:      layout_loops_corners, overflow_temple_1_default,
          lemuel_coloured_pillars_altar, serial_bayou_lake_a
D:4:      layout_basic, serial_shops, shop, serial_glass, glass_columns_c,
          glass_columns_b, first_ration, nicolae_gozag_seed_capital
D:5:      layout_loops_ring, minmay_temple_entry_junction_2, serial_shops,
          kennysheep_little_box, shop, nicolae_shop_trees
D:6:      layout_rooms, nicolae_overflow_crystal_walls, serial_shops, shop,
          nicolae_shop_waterfront, shop, shop, uniq_duvessa
D:7:      layout_basic
D:8:      layout_loops_ring, lemuel_doored_altar, gammafunk_ghost_icy,
          hangedman_ranch [blue_anna_fruit_fields], minmay_shop_damaged,
          uniq_erica, uniq_harold, uniq_pikel

Skill      XL: |  1  2  3  4  5  6  7  8  9 |
---------------+----------------------------+-----
Ice Magic      | 4 8 9 |  9.0
Spellcasting   | 2 6 7 |  7.0
Conjurations   | 4 5 |  5.2
Bows           | 5 7 |  7.5
Dodging        | |  1.7
Stealth        | |  1.7

Action                   |  1- 3 |  4- 6 |  7- 9 || total
-------------------------+-------+-------+-------++-------
Melee: Unarmed           |    19 |       |       ||    19
       Dagger            |    29 |    79 |       ||   108
       Staff             |       |     1 |       ||     1
 Fire: Shortbow          |       |     4 |   196 ||   200
Throw: Dart              |     4 |       |       ||     4
 Cast: Freeze            |    45 |    19 |     4 ||    68
       Frozen Ramparts   |     1 |    28 |    21 ||    50
       Magic Dart        |       |    29 |     7 ||    36
       Ozocubu's Armour  |       |     2 |     3 ||     5
       Summon Ice Beast  |       |     1 |     7 ||     8
       Hailstorm         |       |       |     5 ||     5
Evoke: Wand              |       |       |     2 ||     2
  Use: Scroll            |     3 |     8 |     2 ||    13
       Potion            |     1 |       |     2 ||     3
 Stab: Sleeping          |     7 |     3 |       ||    10
  Eat: Chunk             |     4 |     5 |    14 ||    23
       Ration            |       |     2 |       ||     2
Armor: Robe              |     7 |    17 |    20 ||    44
Dodge: Dodged            |    41 |    83 |    59 ||   183

Table legend:
 A = Non-vault XP
 B = Vault XP
 C = Vault XP percentage of total XP
 D = Non-vault monster count
 E = Vault monster count
 F = Vault count percentage of total count
                 A         B        C        D         E       F
            +---------+---------+-------+---------+---------+-------
      Total |    3044 |    2739 |  47.4 |     148 |      10 |   6.3
            +---------+---------+-------+---------+---------+-------
        D:1 |      40 |       5 |  11.1 |      23 |       5 |  17.9
        D:2 |      95 |       0 |   0.0 |      31 |       0 |   0.0
        D:3 |      54 |       0 |   0.0 |      18 |       0 |   0.0
        D:4 |      54 |       0 |   0.0 |       7 |       0 |   0.0
        D:5 |     436 |       0 |   0.0 |      13 |       0 |   0.0
        D:6 |     516 |     223 |  30.2 |      18 |       2 |  10.0
        D:7 |     646 |       0 |   0.0 |      19 |       0 |   0.0
        D:8 |    1203 |    2511 |  67.6 |      19 |       3 |  13.6
            +---------+---------+-------+---------+---------+-------
